 Dungeon Crawl Stone Soup version 0.30-a0-930-gb9d0489357 (webtiles) character file.

Game seed: 2896266571589129515

315 dialectric the Covert (level 6, -1/41 HPs)
             Began as an Octopode Brigand on Mar 23, 2023.
             Slain by a centaur (2 damage)
             ... on level 4 of the Dungeon.
             The game lasted 00:02:15 (1558 turns).

dialectric the Covert (Octopode Brigand)            Turns: 1558, Time: 00:02:17

Health: -1/41      AC:  1    Str: 12    XL:     6   Next: 43%
Magic:  6/6        EV: 13    Int: 13    God:
Gold:   140        SH:  0    Dex: 14    Spells: 5/5 levels left

rFire   . . .      SeeInvis .    a - +2 dagger
rCold   . . .      Faith    .    (no shield)
rNeg    . . .      Spirit   .    (helmet restricted)
rPois   .          Reflect  .    (no amulet)
rElec   .          Rampage  .    d - +4 ring of slaying
rCorr   .                        (no ring)
Will    .....                    (no ring)
Stlth   +++++                    (no ring)
HPRegen 0.26/turn                (no ring)
MPRegen 0.10/turn                (no ring)
                                 (no ring)
                                 (no ring)

@: no status effects
A: almost no armour, amphibious, 8 rings, camouflage 1, gelatinous body 1,
(nimble swimmer 1), tentacles
a: no special abilities


You were on level 4 of the Dungeon.
You visited 1 branch of the dungeon, and saw 4 of its levels.

You collected 140 gold pieces.

Inventory:

Hand Weapons
 a - a +2 dagger (weapon)
 i - a +0 eveningstar
Missiles
 b - 9 poisoned darts
 c - 3 curare-tipped darts (quivered)
Jewellery
 d - a +4 ring of slaying (left tentacle)
Scrolls
 f - 2 scrolls of teleportation {unknown}
 g - a scroll of poison {unknown}
 h - a scroll of fog {unknown}
 k - 2 scrolls of blinking {unknown}
 l - a scroll of immolation {unknown}
 s - a scroll of enchant armour {unknown}
 t - a scroll of magic mapping {unknown}
Potions
 e - a potion of ambrosia {unknown}
 j - a potion of curing {unknown}
 m - a potion of lignification {unknown}
 n - a potion of flight {unknown}
 o - a potion of degeneration {unknown}
 p - a potion of heal wounds {unknown}
 q - a potion of magic {unknown}
 r - a potion of invisibility {unknown}
 u - a potion of mutation {unknown}


   Skills:
 + Level 2.5 Fighting
 + Level 3.1 Short Blades
 + Level 2.0 Throwing
 + Level 1.8 Dodging
 * Level 9.2 Stealth


You had 5 spell levels left.
You didn't know any spells.
Your spell library contained the following spells:

 Spells                   Type           Power      Damage    Failure   Level
 Cigotuvi's Dreadful Rot  Necr/Pois/Air  0%         N/A       43%         2
 Poisonous Vapours        Pois/Air       0%         N/A       43%         2
 Mephitic Cloud           Conj/Pois/Air  0%         N/A       67%         3


Dungeon Overview and Level Annotations

Branches:
Dungeon (4/15)
 Temple: D:4-7

Altars:

Shops:
D:1 ([(


Innate Abilities, Weirdness & Mutations

You cannot wear most types of armour.
You are amphibious.
You can wear up to eight rings at the same time.
Your skin changes colour to match your surroundings (Stealth+).
Your rubbery body absorbs attacks. (AC +1, EV +1)
((You are camouflaged when in or above water. (Stealth+)))
You have tentacles for arms and can constrict up to eight enemies at once.


Message History

Your Short Blades skill increases to level 3!
Your Stealth skill gained 2 levels and is now at level 9!
You have reached level 6!
A centaur comes into view.
The centaur shouts!
The centaur wields a +0 shortbow.
The centaur shoots an arrow.
The arrow barely misses you.
The centaur shoots an arrow.
The arrow closely misses you.
A centaur is nearby!
The centaur shoots an arrow.
The arrow barely misses you.
Found a throwing net.
The centaur shoots an arrow.
The arrow hits you.
The centaur shoots an arrow.
The arrow hits you!
Found 8 gold pieces.
The centaur unwields a +0 shortbow.
The centaur hits you. The centaur misses you.
You hit the centaur but do no damage. Your squeeze misses the centaur.
The centaur closely misses you.
The centaur kicks you but does no damage.
You barely miss the centaur. The centaur barely misses you. x2
The centaur hits you but does no damage.
The centaur kicks you.
You are too injured to fight recklessly!
You are too injured to fight recklessly!
You are too injured to fight recklessly!
You are too injured to fight recklessly!
You closely miss the centaur. Your squeeze misses the centaur.
The centaur barely misses you. The centaur kicks you.
You closely miss the centaur. The centaur hits you. The centaur kicks you.
* * * LOW HITPOINT WARNING * * *
You hit the centaur.
The centaur is moderately wounded.
The centaur barely misses you. The centaur kicks you.
* * * LOW HITPOINT WARNING * * *
You hit the centaur. You squeeze the centaur.
The centaur is heavily wounded.
The centaur hits you.
* * * LOW HITPOINT WARNING * * *
The centaur closely misses you. The centaur hits you.
* * * LOW HITPOINT WARNING * * *
The centaur kicks you.
You die...

## #....###..................
..####...##.#####.###.#######
.................# #.#
#.###...########## #.#
#.####.### #.# #...##...# #.#
#.#.##.#.#### ##.#
#...#.......#######..#
##.#...#...#.#.c@.....#
.....#...#...#.............
.##.###.###.##..####.##...#
.#...#...#.....( #.# #.##
.#.#...#...#.##. #.# .#
.#...#...#..$#.. #.# #
.##.###.###.. .. ..#
.#...#...#...... ..
.#.#...#...


You could see a centaur.

Vanquished Creatures
  Grinder (D:4)
  A sleepcap (D:4)
  2 adders
  4 worms
  2 dart slugs
  7 endoplasms
  4 giant cockroaches
  5 goblins
  7 hobgoblins
  4 jackals (D:1)
  4 kobolds
  3 quokkas
  6 ball pythons
  7 bats
  3 frilled lizards (D:1)
  2 rats
62 creatures vanquished.

Notes
Turn   | Place    | Note
-------+----------+-------------------------------------------
     0 | D:1      | dialectric the Octopode Brigand began the quest for the
                  | Orb.
     0 | D:1      | Reached XP level 1. HP: 14/14 MP: 1/1
    31 | D:1      | Found Apywuefo's Armour Shop.
    76 | D:1      | Found Rotuphuu's Weapon Shoppe.
   112 | D:1      | Reached XP level 2. HP: 19/19 MP: 2/2
   187 | D:1      | Reached skill level 6 in Stealth
   219 | D:1      | Reached XP level 3. HP: 16/24 MP: 3/3
   356 | D:1      | Found Numar's Weapon Shop.
   563 | D:2      | Found a faded altar of an unknown god.
   612 | D:1      | Reached skill level 7 in Stealth
   832 | D:2      | Reached XP level 4. HP: 29/29 MP: 4/4
  1493 | D:4      | Reached XP level 5. HP: 34/34 MP: 5/5
  1528 | D:4      | Noticed Grinder
  1530 | D:4      | Killed Grinder
  1531 | D:4      | Reached skill level 9 in Stealth
  1531 | D:4      | Reached XP level 6. HP: 41/41 MP: 6/6
  1558 | D:4      | HP: 1/41 [centaur (4)]
  1558 | D:4      | Slain by a centaur

Illustrated notes

Levels and vault maps discovered:
D:1:      minmay_arrival_up_and_down, layout_rooms, serial_shops,
          nicolae_shop_hallway_plus, nicolae_shop_bloodbath_and_beyond,
          nicolae_shop_window_shopping
D:2:      layout_rooms, ebering_ecumenical_altar_box
D:3:      layout_rooms
D:4:      layout_loops_ring, chequers_serial_rivers_micro_c,
          minmay_misc_feat_four_crosses, st_stairs_1, minmay_misc_feat_tower,
          uniq_pikel, uniq_grinder

Skill      XL: |  1  2  3  4  5 |
---------------+----------------+-----
Stealth        | 6 7 9 |  9.2
Short Blades   | 3 |  3.1
Fighting       | |  2.5
Throwing       | |  2.0
Dodging        | |  1.8

Action                     |  1- 3 |  4- 6 || total
---------------------------+-------+-------++-------
  Melee: Dagger            |    68 |    31 ||    99
         Tentacles         |     9 |     4 ||    13
         Constrict         |    14 |     7 ||    21
   Stab: Sleeping          |    16 |     8 ||    24
 Armour: Skin              |     8 |     3 ||    11
  Dodge: Dodged            |    47 |    13 ||    60

Table legend: (Time is in decaauts)
 A = Elapsed time spent in this place.
 B = Non-inter-level travel time spent in this place.
 C = Inter-level travel time spent in this place.
 D = Time resting spent in this place.
 E = Time spent auto-exploring this place.
 F = Levels seen in this place.
 G = Mean time per level.
                   A        B        C        D        E       F      G
               +--------+--------+--------+--------+--------+-----+--------+
         Total |   1547 |   1478 |     69 |     75 |   1035 |   4 |  386.8 |
       Dungeon |   1547 |   1478 |     69 |     75 |   1035 |   4 |  386.8 |
               +--------+--------+--------+--------+--------+-----+--------+

Top non-repeatable levels by time:
     D:1: 563 daAuts
     D:2: 490 daAuts
     D:3: 425 daAuts
     D:4: 68 daAuts
